PA
YORK REVOLUTION @ ROCKY MOUNTAIN VIBES
07/30/2038
 
TOP OF THE 1ST
York Revolution batting - Pitching for Rocky Mountain Vibes : RHP Neil Young
Pitching: RHP Neil Young
Batting: RHB Dusty Hunt 0-0: Ground out U3 (Groundball, 3S, EV 84.4 MPH)
Batting: RHB Steve Torres 0-0: Called Strike
0-1: Ground out 6-3 (Groundball, 6S, EV 93.8 MPH)
Batting: RHB Jamy Geertsen 0-0: Ball
1-0: Fly out, F2 (Popup, 23F, EV 88.1 MPH)
Top of the 1st over - 0 runs, 0 hits, 0 errors, 0 left on base; York 0 - Rocky Mountain 0
BOTTOM OF THE 1ST
Rocky Mountain Vibes batting - Pitching for York Revolution : RHP Rainer Polonius
Pitching: RHP Rainer Polonius
Batting: RHB José Ayala 0-0: Called Strike
0-1: Called Strike
0-2: Ball
1-2: Foul Ball, location: 2F
1-2: Ground out 6-3 (Groundball, 6, EV 106.2 MPH)
Batting: RHB Jaime Espinar 0-0: SINGLE (Flyball, 9S, EV 86.2 MPH)
Batting: RHB Mariano Juderías 0-0: Ball
1-0: Ball
2-0: Foul Ball, location: 2F
2-1: Ball
3-1: Foul Ball, location: 2F
3-2: Foul Ball, location: 2F
3-2: Strikes out looking
Batting: LHB Luis Benítez 0-0: Ball
1-0: Ball
2-0: Called Strike
2-1: Called Strike
2-2: Strikes out swinging
Bottom of the 1st over - 0 runs, 1 hit, 0 errors, 1 left on base; York 0 - Rocky Mountain 0
TOP OF THE 2ND
York Revolution batting - Pitching for Rocky Mountain Vibes : RHP Neil Young
Batting: LHB Dave Summers 0-0: Ground out 5-3 (Groundball, 56, EV 103.1 MPH)
Batting: RHB Hal Phillips 0-0: Ball
1-0: Ball
2-0: Ball
3-0: Base on Balls
Batting: RHB Alex Fields 0-0: Ball
1-0: Called Strike
1-1: Called Strike
1-2: Foul Ball, location: 2F
1-2: Fly out, F8 (Flyball, 89D, EV 100.0 MPH)
Batting: LHB Reggie Gommers 0-0: Swinging Strike
0-1: SINGLE (Flyball, 78M, EV 90.0 MPH)
Hal Phillips to second
Batting: RHB Sergio Vargas 0-0: Foul Ball, location: 2F
0-1: Ball
1-1: Swinging Strike
1-2: Strikes out looking
Top of the 2nd over - 0 runs, 1 hit, 0 errors, 2 left on base; York 0 - Rocky Mountain 0
BOTTOM OF THE 2ND
Rocky Mountain Vibes batting - Pitching for York Revolution : RHP Rainer Polonius
Batting: LHB Allan Colston 0-0: SOLO HOME RUN (Line Drive, 9D, EV 97.5 MPH), Distance : 404 ft
Batting: RHB Eric Landry 0-0: Called Strike
0-1: Ball
1-1: DOUBLE (Line Drive, 7LS, EV 90.6 MPH)
Batting: RHB Uoti Vaijärvi 0-0: Ground out 4-3 (Groundball, 4, EV 88.8 MPH)
Eric Landry to third
Batting: RHB Slavik Akentiev 0-0: Called Strike
0-1: Swinging Strike
0-2: Foul Ball, location: 2F
0-2: Ball
1-2: Ball
2-2: Fly out, F9 (Flyball, 9S, EV 94.4 MPH)
Batting: SHB William Anderson 0-0: Ball
1-0: Swinging Strike
1-1: Foul Ball, location: 2F
1-2: Foul Ball, location: 2F
1-2: Ball
2-2: Ball
3-2: Foul Ball, location: 2F
3-2: SINGLE (Line Drive, 56D, EV 97.5 MPH)
Eric Landry scores
Batting: RHB José Ayala 0-0: Fly out, F8 (Flyball, 8LM, EV 72.5 MPH)
Bottom of the 2nd over - 2 runs, 3 hits, 0 errors, 1 left on base; York 0 - Rocky Mountain 2
TOP OF THE 3RD
York Revolution batting - Pitching for Rocky Mountain Vibes : RHP Neil Young
Batting: RHB Jermaine Vassell 0-0: Ball
1-0: SINGLE (Line Drive, 9S, EV 94.4 MPH)
Batting: RHB Dusty Hunt 0-0: Foul Ball, location: 2F
0-1: Fielders Choice at 2nd, 6-4 (Groundball, 6, EV 80.0 MPH)
Batting: RHB Steve Torres 0-0: Called Strike
0-1: Called Strike
0-2: Fly out, F8 (Flyball, 8LM, EV 81.9 MPH)
Batting: RHB Jamy Geertsen 0-0: Ball
1-0: Called Strike
Dusty Hunt is caught stealing 2nd base 2-4
Top of the 3rd over - 0 runs, 1 hit, 0 errors, 0 left on base; York 0 - Rocky Mountain 2
BOTTOM OF THE 3RD
Rocky Mountain Vibes batting - Pitching for York Revolution : RHP Rainer Polonius
Batting: RHB Jaime Espinar 0-0: SINGLE (Flyball, 9, EV 78.8 MPH)
Batting: RHB Mariano Juderías 0-0: Ball
1-0: Ball
2-0: Foul Ball, location: 2F
2-1: Ball
3-1: Called Strike
3-2: Strikes out swinging
Batting: LHB Luis Benítez 0-0: Ball
1-0: Foul Ball, location: 2F
1-1: Ball
Jaime Espinar steals 2nd base
2-1: SINGLE (Groundball, 4D, EV 115.6 MPH)
Jaime Espinar to third
Batting: LHB Allan Colston 0-0: Ball
1-0: Ball
2-0: Called Strike
2-1: Foul Ball, location: 2F
2-2: Foul Ball, location: 2F
2-2: Ball
3-2: Base on Balls
Luis Benítez to second
Batting: RHB Eric Landry 0-0: Ball
1-0: DOUBLE (Groundball, 5L, EV 104.4 MPH)
Jaime Espinar scores
Luis Benítez scores
Allan Colston to third
Runner from 3rd tries for Home, SAFE, no throw by LF
Batting: RHB Uoti Vaijärvi 0-0: Ball
1-0: Swinging Strike
1-1: Foul Ball, location: 2F
1-2: Strikes out swinging
Batting: RHB Slavik Akentiev 0-0: Foul Ball, location: 2F
0-1: Ball
1-1: Foul Ball, location: 2F
1-2: Foul Ball, location: 2F
1-2: Fly out, F8 (Flyball, 8RS, EV 90.0 MPH)
Bottom of the 3rd over - 3 runs, 3 hits, 0 errors, 1 left on base; York 0 - Rocky Mountain 5
TOP OF THE 4TH
York Revolution batting - Pitching for Rocky Mountain Vibes : RHP Neil Young
Batting: RHB Jamy Geertsen 0-0: Called Strike
0-1: Ball
1-1: Swinging Strike
1-2: Ball
2-2: Foul Ball, location: 2F
2-2: Strikes out swinging
Batting: LHB Dave Summers 0-0: Foul Ball, location: 2F
0-1: Swinging Strike
0-2: Ball
1-2: Strikes out swinging
Batting: RHB Hal Phillips 0-0: Called Strike
0-1: Swinging Strike
0-2: Strikes out swinging
Top of the 4th over - 0 runs, 0 hits, 0 errors, 0 left on base; York 0 - Rocky Mountain 5
BOTTOM OF THE 4TH
Rocky Mountain Vibes batting - Pitching for York Revolution : RHP Rainer Polonius
Batting: SHB William Anderson 0-0: Foul Ball, location: 2F
0-1: Ball
1-1: Foul Ball, location: 2F
1-2: DOUBLE (Line Drive, 89D, EV 101.2 MPH)
Batting: RHB José Ayala 0-0: Ball
1-0: Ball
2-0: Called Strike
2-1: Fly out, F7 (Flyball, 78S, EV 87.5 MPH)
Pitching: RHP Jesús García
Batting: RHB Jaime Espinar 0-0: Ball
1-0: Ball
2-0: Called Strike
2-1: Swinging Strike
2-2: Strikes out swinging
Batting: RHB Mariano Juderías 0-0: Called Strike
0-1: Called Strike
0-2: Strikes out swinging
Bottom of the 4th over - 0 runs, 1 hit, 0 errors, 1 left on base; York 0 - Rocky Mountain 5
TOP OF THE 5TH
York Revolution batting - Pitching for Rocky Mountain Vibes : RHP Neil Young
Batting: RHB Alex Fields 0-0: Called Strike
0-1: Foul Ball, location: 2F
0-2: Strikes out swinging
Batting: LHB Reggie Gommers 0-0: Called Strike
0-1: Ball
1-1: Ball
2-1: Foul Ball, location: 2F
2-2: Foul Ball, location: 2F
2-2: Ball
3-2: Base on Balls
Batting: RHB Sergio Vargas 0-0: DOUBLE (Line Drive, 5D, EV 93.8 MPH)
Reggie Gommers to third
Runner from 3rd tries for Home, SAFE, throw by LF to trailing runner, OUT at third! 7-6-5
Batting: RHB Jermaine Vassell 0-0: Ball
1-0: Swinging Strike
1-1: Ball
2-1: Fly out, F7 (Line Drive, 7, EV 110.6 MPH)
Top of the 5th over - 1 run, 1 hit, 0 errors, 0 left on base; York 1 - Rocky Mountain 5
BOTTOM OF THE 5TH
Rocky Mountain Vibes batting - Pitching for York Revolution : RHP Jesús García
Batting: LHB Luis Benítez 0-0: Ground out 5-3 (Groundball, 5, EV 84.4 MPH)
Batting: LHB Allan Colston 0-0: Fly out, F9 (Flyball, 89D, EV 103.1 MPH)
Batting: RHB Eric Landry 0-0: Called Strike
0-1: SINGLE (Line Drive, 56D, EV 96.2 MPH)
Batting: RHB Uoti Vaijärvi 0-0: Ball
1-0: Ball
2-0: Swinging Strike
2-1: Swinging Strike
2-2: Strikes out swinging
Bottom of the 5th over - 0 runs, 1 hit, 0 errors, 1 left on base; York 1 - Rocky Mountain 5
TOP OF THE 6TH
York Revolution batting - Pitching for Rocky Mountain Vibes : RHP Neil Young
Batting: RHB Dusty Hunt 0-0: Ground out U3 (Groundball, 34S, EV 77.5 MPH)
Batting: RHB Steve Torres 0-0: Ball
1-0: Called Strike
1-1: Swinging Strike
1-2: Strikes out swinging
Batting: RHB Jamy Geertsen 0-0: Foul Ball, location: 2F
0-1: Ball
1-1: Ball
2-1: Foul Ball, location: 2F
2-2: Ball
3-2: Strikes out swinging
Top of the 6th over - 0 runs, 0 hits, 0 errors, 0 left on base; York 1 - Rocky Mountain 5
BOTTOM OF THE 6TH
Rocky Mountain Vibes batting - Pitching for York Revolution : RHP Jesús García
Batting: RHB Slavik Akentiev 0-0: Called Strike
0-1: Ball
1-1: Ball
2-1: Ball
3-1: Base on Balls
Batting: SHB William Anderson 0-0: Ball
1-0: Ball
2-0: Ball
3-0: Base on Balls
Slavik Akentiev to second
Batting: RHB José Ayala 0-0: Foul Ball, location: 2F
0-1: Fielders Choice at 2nd, 4-6 (Groundball, 4M, EV 109.4 MPH)
Slavik Akentiev to third
Batting: RHB Jaime Espinar 0-0: Called Strike
0-1: Ball
1-1: Called Strike
1-2: Ball
2-2: Foul Ball, location: 2F
2-2: SINGLE (Groundball, 6MD, EV 96.2 MPH)
Slavik Akentiev scores
José Ayala to second
Runner from 2nd tries for 3rd, SAFE, no throw by CF
Batting: RHB Mariano Juderías 0-0: Swinging Strike
0-1: Called Strike
0-2: Ball
1-2: Strikes out swinging
Batting: LHB Luis Benítez 0-0: Ball
1-0: Ball
2-0: Ball
3-0: Base on Balls
Jaime Espinar to second
Batting: LHB Allan Colston 0-0: Fly out, F8 (Flyball, 8LD, EV 100.6 MPH)
Bottom of the 6th over - 1 run, 1 hit, 0 errors, 3 left on base; York 1 - Rocky Mountain 6
TOP OF THE 7TH
York Revolution batting - Pitching for Rocky Mountain Vibes : RHP Neil Young
Batting: LHB Dave Summers 0-0: Called Strike
0-1: Foul Ball, location: 2F
0-2: Foul Ball, location: 2F
0-2: Ball
1-2: Strikes out swinging
Batting: RHB Hal Phillips 0-0: Ball
1-0: Ball
2-0: Called Strike
2-1: Ball
3-1: Ground out 6-3 (Groundball, 6M, EV 79.4 MPH)
Batting: RHB Alex Fields 0-0: Ball
1-0: Ball
2-0: Foul Ball, location: 2F
2-1: Foul Ball, location: 2F
2-2: Fly out, F8 (Flyball, 78M, EV 94.4 MPH)
Top of the 7th over - 0 runs, 0 hits, 0 errors, 0 left on base; York 1 - Rocky Mountain 6
BOTTOM OF THE 7TH
Rocky Mountain Vibes batting - Pitching for York Revolution : RHP Jesús García
Batting: RHB Eric Landry 0-0: Ground out 5-3 (Groundball, 56S, EV 88.1 MPH)
Batting: RHB Uoti Vaijärvi 0-0: Called Strike
0-1: Called Strike
0-2: Ground out 1-3 (Groundball, P, EV 67.5 MPH)
Batting: RHB Slavik Akentiev 0-0: Ball
1-0: SINGLE (Groundball, 6MD, EV 95.6 MPH)
Batting: SHB William Anderson 0-0: Called Strike
0-1: Called Strike
0-2: Foul Ball, location: 2F
0-2: Foul Ball, location: 2F
0-2: Ball
1-2: Hit by Pitch
Slavik Akentiev to second
Pitching: LHP Jorge Martínez
Batting: RHB José Ayala 0-0: Fly out, F7 (Flyball, 7S, EV 86.9 MPH)
Bottom of the 7th over - 0 runs, 1 hit, 0 errors, 2 left on base; York 1 - Rocky Mountain 6
TOP OF THE 8TH
York Revolution batting - Pitching for Rocky Mountain Vibes : RHP Neil Young
Batting: LHB Reggie Gommers 0-0: Foul Ball, location: 2F
0-1: Ball
1-1: Swinging Strike
1-2: Strikes out looking
Batting: RHB Sergio Vargas 0-0: Ball
1-0: Called Strike
1-1: Called Strike
1-2: Foul Ball, location: 2F
1-2: Fly out, F6 (Popup, 4MD, EV 50.6 MPH)
Batting: RHB Jermaine Vassell 0-0: Ball
1-0: Foul Ball, location: 2F
1-1: Ball
2-1: Ball
3-1: Called Strike
3-2: Strikes out swinging
Top of the 8th over - 0 runs, 0 hits, 0 errors, 0 left on base; York 1 - Rocky Mountain 6
BOTTOM OF THE 8TH
Rocky Mountain Vibes batting - Pitching for York Revolution : LHP Jorge Martínez
Batting: RHB Jaime Espinar 0-0: Ball
1-0: Ground out 1-3 (Groundball, 15S, EV 69.4 MPH)
Batting: RHB Mariano Juderías 0-0: Foul Ball, location: 2F
0-1: Swinging Strike
0-2: Ball
1-2: Ball
2-2: Fly out, F8 (Flyball, 8RM, EV 91.2 MPH)
Batting: LHB Luis Benítez 0-0: Ball
1-0: Ball
2-0: Swinging Strike
2-1: Ball
3-1: Called Strike
3-2: Foul Ball, location: 2F
3-2: Base on Balls
Batting: LHB Allan Colston 0-0: Called Strike
0-1: Ball
1-1: Swinging Strike
1-2: Ball
2-2: Foul Ball, location: 2F
2-2: Fly out, F7 (Flyball, 7LS, EV 95.6 MPH)
Bottom of the 8th over - 0 runs, 0 hits, 0 errors, 1 left on base; York 1 - Rocky Mountain 6
TOP OF THE 9TH
York Revolution batting - Pitching for Rocky Mountain Vibes : RHP Neil Young
Batting: RHB Dusty Hunt 0-0: Ball
1-0: Swinging Strike
1-1: Foul Ball, location: 2F
1-2: Strikes out looking
Batting: RHB Steve Torres 0-0: Ball
1-0: Called Strike
1-1: Ground out 4-3 (Groundball, 4, EV 76.2 MPH)
Batting: RHB Jamy Geertsen 0-0: Called Strike
0-1: Ball
1-1: Ball
2-1: Ball
3-1: Fly out, F6 (Popup, 6M, EV 79.4 MPH)
Top of the 9th over - 0 runs, 0 hits, 0 errors, 0 left on base; York 1 - Rocky Mountain 6
Friday, April 17th, 2020 - OOTP Baseball 20.8 Build 74